 Dungeon Crawl Stone Soup version 0.29-a0-994-gc5c9f59d18 (webtiles) character file.

Game seed: 6764228097328637514

858 gelatine the Sneak (level 8, 0/52 HPs)
             Began as an Octopode Brigand on Aug 3, 2022.
             Slain by a centaur zombie (4 damage)
             ... in an ossuary.
             The game lasted 00:12:55 (5325 turns).

gelatine the Sneak (Octopode Brigand)               Turns: 5325, Time: 00:12:58

Health: 0/52       AC:  1    Str: 12    XL:     8   Next: 2%
Magic:  17/17      EV: 13    Int: 16    God:
Gold:   164        SH:  0    Dex: 14    Spells: 7/7 levels left

rFire   . . .      SeeInvis .   c - +3 sling of Zeucko {speed, Will++ MP+9 Int+3}
rCold   . . .      Faith    .   (no shield)
rNeg    . . .      Spirit   .   (helmet restricted)
rPois   .          Reflect  .   (no amulet)
rElec   .          Harm     .   i - ring of willpower
rCorr   .          Rampage  .   (no ring)
Will    +++..                   (no ring)
Stlth   ++++......              (no ring)
HPRegen 0.17/turn               (no ring)
MPRegen 0.15/turn               (no ring)
                                (no ring)
                                (no ring)

@: no status effects
A: almost no armour, amphibious, 8 rings, camouflage 1, gelatinous body 1,
(nimble swimmer 1), tentacles
a: no special abilities


You were in an ossuary.
You visited 1 branch of the dungeon, and saw 6 of its levels.
You also visited: Ossuary.

You collected 164 gold pieces.

Inventory:

Hand Weapons
 a - a +2 dagger
 c - the +3 sling of Zeucko (weapon) {speed, Will++ MP+9 Int+3}
   (You took it off a goblin on level 4 of the Dungeon)

   Attacks with this weapon are significantly faster.
   Int:       It affects your intelligence (+3).
   MP:        It affects your magic capacity (+9).
   Will:      It greatly increases your willpower.
 e - a +2 vorpal spear
 m - a +0 mace of holy wrath
Missiles
 b - 3 poisoned darts
Jewellery
 i - a ring of willpower (left tentacle)
 p - an amulet of magic regeneration
Scrolls
 n - 3 scrolls of immolation
Potions
 f - 2 potions of haste
 q - a potion of curing
 r - 2 potions of degeneration {unknown}
 s - 2 potions of cancellation {unknown}


   Skills:
 + Level 3.3 Fighting
 + Level 3.2 Short Blades
 + Level 4.0 Ranged Weapons
 + Level 5.9 Throwing
 + Level 2.3 Dodging
 + Level 6.4 Stealth


You had 7 spell levels left.
You didn't know any spells.
Your spell library contained the following spells:

 Spells                   Type           Power      Damage    Failure   Level
 Freeze                   Ice            0%         1d3       26%         1
 Static Discharge         Conj/Air       0%         3-3/arc   36%         2
 Conjure Flame            Conj/Fire      0%         6-21      58%         3
 Frozen Ramparts          Ice            0%         1d8       58%         3
 Ignite Poison            Fire/Tmut/Pois 0%         N/A       58%         3
 Dispel Undead            Necr           0%         3d6       94%         4
 Hailstorm                Conj/Ice       0%         3d3       94%         4
 Sticky Flame             Conj/Fire      0%         2d3       94%         4
 Lightning Bolt           Conj/Air       0%         1d11      100%        5
 Maxwell's Capacitive Co  Air            0%         ∞         100%        8


Dungeon Overview and Level Annotations

Branches:
Dungeon (6/15)             Temple (0/1) D:4         Ossuary (1/1)

Altars:
Hepliaklqana
Wu Jian


Innate Abilities, Weirdness & Mutations

You cannot wear most types of armour.
You are amphibious.
You can wear up to eight rings at the same time.
Your skin changes colour to match your surroundings (Stealth+).
Your rubbery body absorbs attacks. (AC +1, EV +1)
((You are camouflaged when in or above water. (Stealth+)))
You have tentacles for arms and can constrict up to eight enemies at once.


Message History

The centaur zombie is moderately damaged.
You clumsily bash the centaur zombie but do no damage.
The centaur zombie is moderately damaged.
The centaur zombie hits you.
* * * LOW HITPOINT WARNING * * *
The centaur zombie misses you. The centaur zombie hits you.
* * * LOW HITPOINT WARNING * * *
The centaur zombie closely misses you.
You clumsily bash the centaur zombie but do no damage.
You squeeze the centaur zombie.
The centaur zombie is heavily damaged.
The centaur zombie closely misses you. The centaur zombie kicks you.
* * * LOW HITPOINT WARNING * * *
The centaur zombie closely misses you. The centaur zombie barely misses you.
You reach down and open the door.
A human zombie, 3 elf zombies and a mummy come into view.
The human zombie barely misses you.
You clumsily bash the centaur zombie but do no damage.
The centaur zombie is heavily damaged.
You are starting to lose your buoyancy.
You flicker for a moment.
There is an open door, spattered with blood here.
You reach down and close the door.
You feel your willpower return. The centaur zombie hits you.
* * * LOW HITPOINT WARNING * * *
The centaur zombie barely misses you.
You clumsily bash the centaur zombie but do no damage.
The centaur zombie is heavily damaged.
The centaur zombie barely misses you. The centaur zombie misses you.
The centaur zombie hits you.
* * * LOW HITPOINT WARNING * * *
The centaur zombie barely misses you.
You clumsily bash the centaur zombie but do no damage.
The centaur zombie is heavily damaged.
You float gracefully downwards.
You flicker back into view.
The centaur zombie hits you.
* * * LOW HITPOINT WARNING * * *
The centaur zombie barely misses you. The centaur zombie hits you.
You die...

#.......# #.......#
##.....## ###.### #'#
*** ###.### ##### ,,**
##.....## ##...## ,,,*
#.......# #.Z...#
,,.###...∩...###@....##
,,..'...∩Z∩...+.......#
,,,*##...∩...###.....##
,,,* #.......# #.....#
,,** ##.....## ##...##
*** ###.### ##### #Z#
**#.#** **,...,**


You could see a centaur zombie.

Vanquished Creatures
  Grinder (D:6)
  An ogre (D:4)
  A necrophage (D:4)
  A scorpion (D:4)
  A howler monkey (D:4)
  6 centaur zombies (Ossuary)
  A hound (D:4)
  3 mummies
  7 gnolls (D:4)
  3 adders
  2 worms (D:2)
  A dart slug (D:2)
  4 orcs
  7 bats
  10 endoplasms
  A giant cockroach (D:2)
  11 hobgoblins
  A quokka (D:2)
  5 ball pythons
  3 goblins
  A goblin zombie (D:6)
  A hobgoblin zombie (D:6)
  10 kobolds
  4 rats
86 creatures vanquished.

Vanquished Creatures (others)
  19 fungi
  A plant (D:1)
20 creatures vanquished.

Grand Total: 106 creatures vanquished

Notes
Turn   | Place    | Note
-------+----------+-------------------------------------------
     0 | D:1      | gelatine the Octopode Brigand began the quest for the Orb.
     0 | D:1      | Reached XP level 1. HP: 14/14 MP: 1/1
   545 | D:1      | Reached XP level 2. HP: 19/19 MP: 2/2
   554 | D:1      | Reached skill level 6 in Stealth
   884 | D:1      | Found a faded altar of an unknown god.
  1127 | D:2      | Reached XP level 3. HP: 24/24 MP: 3/3
  1932 | D:2      | Reached XP level 4. HP: 28/29 MP: 4/4
  2931 | D:4      | Reached XP level 5. HP: 17/34 MP: 5/5
  3112 | D:4      | Noticed an ogre
  3145 | D:4      | Killed an ogre
  3153 | D:4      | Reached skill level 5 in Throwing
  3153 | D:4      | Reached XP level 6. HP: 9/40 MP: 6/6
  3548 | D:4      | Identified the +3 sling of Zeucko {speed, Will++ MP+9
                  | Int+3}
  3706 | D:4      | Found a staircase to the Ecumenical Temple.
  3808 | D:4      | Found a hazy altar of Hepliaklqana.
  3900 | D:4      | Found an ornate altar of the Wu Jian Council.
  4023 | D:4      | Reached XP level 7. HP: 27/45 MP: 7/7
  4405 | D:5      | Entered Level 5 of the Dungeon
  4420 | D:5      | You fall into a shaft and drop 1 floor!
  4681 | D:6      | Noticed Grinder
  4691 | D:6      | Found a sand-covered staircase.
  4706 | D:6      | Killed Grinder
  4874 | Ossuary  | Entered an ossuary
  5294 | Ossuary  | Reached XP level 8. HP: 14/52 MP: 8/8
  5325 | Ossuary  | Slain by a centaur zombie

Illustrated notes

Levels and vault maps discovered:
D:1:      dpeg_arrival_water_temple_mockup, layout_basic,
          shapermc_ecumenical_altar_ellora
D:2:      layout_basic
D:3:      layout_basic, pdpol_temple_overflow_zin_treasury_gozag_greed,
          uniq_ijyb
D:4:      layout_loops_ring, nzn_wu_jian_contemplation,
          mainiacjoe_overflow_cross_hatched, minmay_temple_entry_grid,
          kennysheep_generic_room_11
D:5:      layout_cave_pools, chequers_serial_rivers_micro_e, uniq_edmund,
          uniq_crazy_yiuf_cottage
D:6:      kennysheep_housing_project, layout_loops_ring,
          nicolae_ossuary_entry_giza, uniq_grinder
Ossuary:  ossuary_minmay_four_chambers

Skill      XL: |  1  2  3  4  5  6  7 |
---------------+----------------------+-----
Stealth        | 6 |  6.4
Throwing       | 3 4 5 |  5.9
Short Blades   | 3 |  3.2
Ranged Weapons | 4 |  4.0
Fighting       | 3 |  3.3
Dodging        | 2 |  2.3

Action                   |  1- 3 |  4- 6 |  7- 9 || total
-------------------------+-------+-------+-------++-------
Melee: Dagger            |    47 |    41 |       ||    88
       Tentacles         |    11 |    20 |    36 ||    67
       Constrict         |     9 |    12 |     7 ||    28
       Punch             |       |     2 |     1 ||     3
       Sling             |       |     9 |    82 ||    91
 Fire: Sling             |       |    19 |    36 ||    55
Throw: Dart              |   102 |    64 |       ||   166
  Use: Potion            |       |     2 |     8 ||    10
       Scroll            |       |       |     8 ||     8
 Stab: Sleeping          |     4 |       |       ||     4
       Invisible         |       |       |     1 ||     1
Armor: Skin              |     6 |     3 |    19 ||    28
Dodge: Dodged            |    23 |    25 |   134 ||   182

Table legend: (Time is in decaauts)
 A = Elapsed time spent in this place.
 B = Non-inter-level travel time spent in this place.
 C = Inter-level travel time spent in this place.
 D = Time resting spent in this place.
 E = Time spent auto-exploring this place.
 F = Levels seen in this place.
 G = Mean time per level.
                   A        B        C        D        E       F      G
               +--------+--------+--------+--------+--------+-----+--------+
         Total |   5299 |   5081 |    218 |    878 |   3295 |   7 |  757.0 |
       Dungeon |   4829 |   4611 |    218 |    605 |   3290 |   6 |  804.8 |
       Ossuary |    469 |    469 |      0 |    273 |      5 |   1 |  469.0 |
               +--------+--------+--------+--------+--------+-----+--------+

Top non-repeatable levels by time:
     D:4: 1579 daAuts
     D:2: 1196 daAuts
     D:1: 1091 daAuts
     D:3: 486 daAuts
 Ossuary: 469 daAuts
     D:6: 458 daAuts
     D:5: 16 daAuts
